 Dungeon Crawl Stone Soup version 0.23.2-1-ga50397a6bc (webtiles) character file.

Game seed: 15343373240235181496

24356 Foic the Grappler (level 12, -1/118 HPs)
             Began as a Troll Fighter on May 19, 2019.
             Was a High Priest of Jiyva.
             Slain by Jorgrun
             ... wielding a +0 quarterstaff of crushing
              (3 damage)
             ... while petrified by Jorgrun
             ... on level 11 of the Dungeon.
             The game lasted 00:52:19 (14742 turns).

Foic the Grappler (Troll Fighter)                  Turns: 14742, Time: 00:52:20

Health: -1/118     AC: 12    Str: 27    XL:     12   Next: 79%
Magic:  0/11       EV: -2    Int:  6    God:    Jiyva [*****.]
Gold:   911        SH:  0    Dex: 16    Spells: 11/11 levels left

rFire    . . .     SeeInvis +     - Unarmed
rCold    . . .     Gourm    +   K - +1 shield
rNeg     + + +     Faith    .   B - +0 swamp dragon scales
rPois    ∞         Spirit   +   c - +0 hat
rElec    .         Reflect  .   l - scarf {cloud immunity}
rCorr    +         Harm     .   (gloves unavailable)
MR       .....     Rnd*Rage +   (boots unavailable)
Stlth    ++........             X - amulet of guardian spirit
HPRegen  0.69/turn              q - +2 ring of strength
MPRegen  0.12/turn              s - +3 ring of dexterity

@: petrified, grasped by roots, constricted
A: large, unfitting armour, claws 3, see invisible, berserk 1, fast metabolism
3, gourmand, regeneration 1, shaggy fur 1, tough skin 3, translucent skin 1,
evolution 1, sturdy frame 1
a: Request Jelly, Slimify, Cure Bad Mutation, Renounce Religion


You were on level 11 of the Dungeon.
You worshipped Jiyva.
Jiyva was extremely pleased with you.
You were very full.

You visited 3 branches of the dungeon, and saw 16 of its levels.

You collected 911 gold pieces.

Inventory:

Hand Weapons
 b - the +6 whip of Guile {slash, rPois Int+4 Dex+3}
   (You took it off an orc wizard on level 8 of the Dungeon)

   It inflicts extra damage upon your enemies.
   It affects your intelligence (+4).
   It affects your dexterity (+3).
   It protects you from poison.
 o - the +7 great mace "Undeadhunter" {disrupt, rN+}
   (You found it on level 2 of the Lair of Beasts)

   It protects you from negative energy.
 J - the +8 broad axe of Radicalism {venom, rC+ rN+ Int+3}
   (You found it on level 8 of the Dungeon)

   It poisons the flesh of those it strikes.
   It affects your intelligence (+3).
   It protects you from cold.
   It protects you from negative energy.
Missiles
 f - 490 stones (quivered)
 g - 67 poisoned needles
 v - 6 javelins
 A - 12 tomahawks
 Q - 12 large rocks
Armour
 c - a +0 hat (worn)
 l - a scarf of cloud immunity (worn)
 x - a +2 robe of positive energy
 B - +0 swamp dragon scales (worn)
 D - the +2 robe "Ylakh" {rF+}
   (You found it on level 5 of the Dungeon)

   It protects you from fire.
 K - a +1 shield (worn)
Jewellery
 h - an uncursed ring of poison resistance
 q - a +2 ring of strength (left claw)
 r - an uncursed ring of see invisible
 s - a +3 ring of dexterity (right claw)
 N - an uncursed ring of protection from cold
 P - an uncursed ring of wizardry
 U - an uncursed ring of protection from fire
 X - an amulet of guardian spirit (around neck)
Wands
 n - a wand of random effects (24)
 C - a wand of scattershot (5)
 F - a wand of clouds (7)
 G - a wand of flame (11)
 I - a wand of disintegration (11)
Scrolls
 a - 2 scrolls of magic mapping {unknown}
 k - 10 scrolls of remove curse
 p - 2 scrolls of amnesia
 t - 4 scrolls of teleportation
 y - 2 scrolls of identify
 E - 3 scrolls of fog {unknown}
 H - a scroll of enchant weapon {unknown}
 O - a scroll of holy word {unknown}
 S - a scroll of fear
 W - a scroll of acquirement {unknown}
Potions
 e - 3 potions of brilliance
 i - 7 potions of curing
 j - a potion of berserk rage
 u - a potion of agility
 z - a potion of heal wounds
 M - a potion of invisibility {unknown}
 R - 2 potions of degeneration {unknown}
 T - a potion of flight {unknown}
Comestibles
 d - 22 rations
 m - 3 chunks of flesh


   Skills:
 * Level 7.4 Fighting
 + Level 1.4 Maces & Flails
 + Level 2.0 Throwing
 + Level 5.4 Armour
 * Level 8.6 Dodging
 - Level 0.5 Stealth
 * Level 9.9 Shields
 + Level 11.6 Unarmed Combat


You had 11 spell levels left.
You didn't know any spells.
Your spell library contained the following spells:

 Spells                   Type           Power        Failure   Level  Hunger
 Confusing Touch          Hex            #.....       52%         1    ##.....
 Corona                   Hex            #......      52%         1    ##.....
 Flame Tongue             Conj/Fire      #....        52%         1    ##.....
 Magic Dart               Conj           #...         52%         1    ##.....
 Blink                    Tloc           N/A          65%         2    ###....
 Call Imp                 Summ           #.......     65%         2    ###....
 Slow                     Hex            #.......     65%         2    ###....
 Throw Flame              Conj/Fire      #.....       65%         2    ###....
 Confuse                  Hex            #.......     87%         3    ####...
 Conjure Flame            Conj/Fire      #.......     87%         3    ####...
 Gell's Gravitas          Tloc           #.........   87%         3    ####...
 Inner Flame              Hex/Fire       #.......     87%         3    ####...
 Mephitic Cloud           Conj/Pois/Air  #.......     87%         3    ####...
 Portal Projectile        Hex/Tloc       #.....       87%         3    ####...
 Cause Fear               Hex            #.........   99%         4    #####..
 Leda's Liquefaction      Hex/Erth       #.........   99%         4    #####..
 Petrify                  Tmut/Erth      #.......     99%         4    #####..
 Sticky Flame             Conj/Fire      #.......     99%         4    #####..
 Fireball                 Conj/Fire      #.........   100%        5    ######.
 Metabolic Englaciation   Hex/Ice        #.........   100%        5    ######.
 Yara's Violent Unravell  Hex/Tmut       #.........   100%        5    ######.


Dungeon Overview and Level Annotations

Branches:
Dungeon (12/15)            Temple (1/1) D:7            Lair (3/6) D:10
  Snake (0/4) Lair:3          Orc (0/2) D:11
  Swamp: Lair:2-4    Shoals: Lair:2-4

Altars:
Ashenzari
Cheibriados
Dithmenos
Elyvilon
Fedhas
Gozag
Hepliaklqana
Kikubaaqudgha
Makhleb
Nemelex Xobeh
Okawaru
Qazlal
Ru
Sif Muna
Trog
Uskayaw
Vehumet
Wu Jian
Xom
Yredelemnul
Zin
The Shining One
Beogh
Jiyva

Annotations:
D:11 Jorgrun
Lair:1 exclusion: oklob plant
Lair:3 exclusion: oklob plant


Innate Abilities, Weirdness & Mutations

You are too large for most types of armour.
You have claws for hands.
Your metabolism is lightning-fast.
You like to eat raw meat.
Your natural rate of healing is unusually fast.
You are covered in fur. (AC +1)
You have extremely tough skin. (AC +3)
You have supernaturally acute eyesight. (SInv)
You tend to lose your temper in combat.
Your translucent skin slightly reduces your foes' accuracy. (Stealth)
You evolve.
Your movements are slightly less encumbered by armour. (ER -2)


Message History

The iron shot hits you!! The grasping roots constrict you!!
The jelly hits Jorgrun but does no damage.
Jorgrun hits the jelly with a +0 quarterstaff of crushing.
Jorgrun is burned by acid!
* * * LOW HITPOINT WARNING * * *
The grasping roots constrict you!
The jelly hits Jorgrun but does no damage.
Jorgrun completely misses you.
* * * LOW HITPOINT WARNING * * *
The grasping roots constrict you!!
The jelly closely misses Jorgrun.
Jorgrun hits you with a +0 quarterstaff of crushing.
* * * LOW HITPOINT WARNING * * *
x3 The grasping roots constrict you.
The jelly misses Jorgrun.
Jorgrun hits you with a +0 quarterstaff of crushing!
* * * LOW HITPOINT WARNING * * *
x3 The grasping roots constrict you!
The jelly closely misses Jorgrun.
Jorgrun hits you with a +0 quarterstaff of crushing!
* * * LOW HITPOINT WARNING * * *
x2 You die...

..'.........................#
###J.....#.####.#############
#J.....#..# #.#
#J....###.###.# #.....#
#..##.# #.....####.##.####
####.............#
######.######.#....#
..............J.@..#
######.#.#.....g####
#....#.#....#...#
#<.#.#.#........#
####.#J#.#<.#...#
.....#.#.#####...#
....##.#....J....#
...............>.#
....J......#####.#


You could see Jorgrun and a neutral jelly (fellow slime).

Vanquished Creatures
  Gastronok (Lair:2)
  The ghost of Ximav the Carver, a journeyman MiFi of Okawaru (Lair:2)
  Snorg (D:10)
  An ice dragon (D:11)
  2 hydras
  A catoblepas (D:11)
  3 two-headed ogres
  3 death yaks (D:10)
  An orc knight (D:11)
  An ugly thing (D:11)
  3 cyclopes
  A black mamba (Lair:3)
  2 spiny frogs (Lair:1)
  2 rime drakes
  A komodo dragon (Lair:3)
  The ghost of Mrkan the Ruffian, an amateur TrMo of Gozag (D:4)
  A hornet (D:11)
  A slime creature (Lair:2)
  3 blink frogs (Lair:1)
  5 hippogriffs
  A wraith (D:10)
  15 yaks
  2 wyverns
  A human (D:9)
  4 hogs (D:9)
  A hungry ghost (D:8)
  3 water moccasins
  4 porcupines
  Duvessa (D:4)
  4 ice beasts
  7 orc warriors
  4 necrophages
  2 black bears (D:6)
  3 ogres
  2 phantoms
  A sky beast (D:9)
  4 wolves (Lair:2)
  5 centaurs
  3 crocodiles
  12 bullfrogs
  A big kobold (D:10)
  Dowan (D:4)
  A wyvern skeleton (D:6)
  2 scorpions
  6 killer bees
  7 wights
  2 howler monkeys (D:7)
  4 crimson imps
  A bullfrog zombie (D:6)
  2 hounds
  4 jellies
  A centaur zombie (D:6)
  8 orc priests
  2 bullfrog skeletons (D:11)
  A centaur skeleton (D:4)
  2 iguanas
  14 orc wizards
  Jessica (D:2)
  Terence (D:2)
  6 worker ants
  3 hound zombies
  A hound skeleton (D:8)
  18 adders
  4 gnolls (D:3)
  2 howler monkey skeletons (D:4)
  A river rat (D:10)
  A shadow imp (D:5)
  2 oozes
  2 adder zombies (D:5)
  4 adder skeletons
  A dart slug (D:1)
  5 leopard geckos
  60 orcs
  8 bats
  4 giant cockroaches
  9 goblins
  6 hobgoblins
  19 jackals
  10 kobolds
  7 quokkas
  A ball python skeleton (D:5)
  8 frilled lizards
  2 jackal skeletons
  3 leopard gecko skeletons
  8 rats
370 creatures vanquished.

Vanquished Creatures (others)
  A wolf (Lair:2)
  A centaur (D:10)
  A quasit (D:11)
  An orc priest (D:11)
  13 jellies
  A worker ant (D:11)
  A shadow imp (D:11)
  2 orcs (D:11)
  8 fungi
  A plant (Lair:2)
  12 toadstools (Lair:3)
42 creatures vanquished.

Grand Total: 412 creatures vanquished

Notes
Turn   | Place    | Note
-------+----------+-------------------------------------------
     0 | D:1      | Foic the Troll Fighter began the quest for the Orb.
     0 | D:1      | Reached XP level 1. HP: 22/22 MP: 0/0
   288 | D:1      | Reached XP level 2. HP: 27/29 MP: 1/1
   691 | D:1      | Reached XP level 3. HP: 36/36 MP: 2/2
  1069 | D:2      | Noticed Jessica
  1079 | D:2      | Killed Jessica
  1079 | D:2      | Reached XP level 4. HP: 44/44 MP: 3/3
  1155 | D:2      | Found a sparkling altar of Nemelex Xobeh.
  1441 | D:2      | Noticed Terence
  1447 | D:2      | Killed Terence
  1902 | D:3      | Reached XP level 5. HP: 49/52 MP: 4/4
  1917 | D:3      | Reached skill level 3 in Unarmed Combat
  2713 | D:4      | Reached XP level 6. HP: 61/61 MP: 5/5
  2878 | D:4      | Found a transporter.
  2884 | D:4      | Found a transporter.
  2884 | D:4      | Noticed Mrkan's ghost (amateur TrMo)
  2980 | D:4      | Reached skill level 4 in Unarmed Combat
  3317 | D:4      | Noticed Dowan
  3330 | D:4      | Noticed Duvessa
  3341 | D:4      | Killed Duvessa
  3341 | D:4      | Reached XP level 7. HP: 58/67 MP: 6/6
  3367 | D:4      | Killed Dowan
  3914 | D:5      | Entered Level 5 of the Dungeon
  4351 | D:5      | Got a sheer robe
  4425 | D:5      | Identified the +2 robe "Ylakh" {rF+} (You found it on level
                  | 5 of the Dungeon)
  4459 | D:6      | Found an ancient bone altar of Kikubaaqudgha.
  4531 | D:6      | Reached skill level 5 in Unarmed Combat
  4593 | D:6      | Reached XP level 8. HP: 60/76 MP: 7/7
  4637 | D:6      | Reached skill level 5 in Dodging
  4803 | D:6      | Reached skill level 5 in Shields
  4916 | D:7      | Noticed a hippogriff
  4924 | D:7      | Killed a hippogriff
  4924 | D:7      | Reached skill level 6 in Unarmed Combat
  4943 | D:7      | Reached skill level 1 in Armour
  5059 | D:7      | Noticed a hippogriff
  5066 | D:7      | Killed a hippogriff
  5075 | D:7      | Found a staircase to the Ecumenical Temple.
  5091 | Temple   | Entered the Ecumenical Temple
  5184 | Temple   | Became a worshipper of Qazlal Stormbringer
  5244 | D:7      | Reached XP level 9. HP: 80/84 MP: 8/8
  5499 | D:7      | Found a bloodstained altar of Trog.
  5571 | D:8      | Noticed a two-headed ogre
  5651 | D:8      | Noticed a two-headed ogre
  5658 | D:7      | Reached skill level 7 in Unarmed Combat
  5686 | D:8      | Killed a two-headed ogre
  5686 | D:8      | Reached skill level 1 in Throwing
  5741 | D:8      | Got a twisted broad axe
  5753 | D:8      | Identified the +8 broad axe of Radicalism {venom, rC+ rN+
                  | Int+3} (You found it on level 8 of the Dungeon)
  5967 | D:8      | Killed a two-headed ogre
  5967 | D:8      | Reached skill level 5 in Fighting
  5967 | D:8      | Reached skill level 8 in Unarmed Combat
  5967 | D:8      | Reached XP level 10. HP: 76/96 MP: 9/9
  5971 | D:8      | Reached * piety under Qazlal
  6064 | D:8      | Identified the +6 whip of Guile {slash, rPois Int+4 Dex+3}
  6680 | D:9      | Found an iron altar of Okawaru.
  7173 | D:10     | Entered Level 10 of the Dungeon
  7200 | D:9      | Reached skill level 9 in Unarmed Combat
  7365 | D:10     | Noticed a death yak
  7378 | D:10     | Killed a death yak
  7378 | D:10     | Reached XP level 11. HP: 79/105 MP: 10/10
  7380 | D:10     | Noticed a death yak
  7383 | D:10     | Noticed a death yak
  7390 | D:10     | Killed a death yak
  7390 | D:10     | Reached ** piety under Qazlal
  7398 | D:10     | Killed a death yak
  7421 | D:10     | Found a staircase to the Lair.
  7923 | D:10     | Found a deep blue altar of Sif Muna.
  8488 | Lair:1   | Entered Level 1 of the Lair of Beasts
  8745 | Lair:1   | Noticed an eight-headed hydra
  8754 | Lair:1   | Killed an eight-headed hydra
  8778 | Lair:1   | Reached skill level 10 in Unarmed Combat
  8814 | Lair:1   | Reached *** piety under Qazlal
  9013 | Lair:1   | Reached skill level 1 in Maces & Flails
  9055 | Lair:1   | Noticed an oklob plant
  9828 | Lair:2   | Noticed Gastronok
  9849 | Lair:2   | Killed Gastronok
 10008 | Lair:2   | Found a runed translucent gate.
 10009 | Lair:2   | Found a runed translucent gate.
 10010 | Lair:2   | Found a runed translucent gate.
 10035 | Lair:2   | Noticed Ximav's ghost (journeyman MiFi)
 10037 | Lair:2   | Found a viscous altar of Jiyva.
 10038 | Lair:2   | Found the +7 great mace "Undeadhunter" {disrupt, rN+}
 10375 | Lair:1   | Reached XP level 12. HP: 115/115 MP: 11/11
 10561 | D:4      | Killed Mrkan's ghost
 10965 | Lair:2   | Killed Ximav's ghost
 11126 | Lair:2   | Fell from the grace of Qazlal
 11126 | Lair:2   | Became a worshipper of Jiyva Jefeag the Shapeless
 12180 | Lair:3   | Reached * piety under Jiyva
 12356 | Lair:3   | Found a blossoming altar of Fedhas.
 12424 | Lair:3   | Noticed a four-headed hydra
 12435 | Lair:3   | Killed a four-headed hydra
 12530 | Lair:3   | Found a staircase to the Snake Pit.
 12536 | Lair:3   | Reached skill level 11 in Unarmed Combat
 12541 | Lair:3   | Noticed a spark wasp
 12562 | Lair:3   | Reached skill level 5 in Armour
 12671 | Lair:1   | Reached ** piety under Jiyva
 12707 | Lair:1   | Noticed an ice dragon
 12707 | Lair:1   | Noticed a fire dragon
 12760 | D:11     | Noticed Snorg
 12807 | D:10     | Killed Snorg
 13119 | D:10     | Reached *** piety under Jiyva
 13119 | D:10     | Gained mutation: Your translucent skin slightly reduces
                  | your foes' accuracy. (Stealth) [Jiyva's grace]
 13976 | D:11     | Noticed an ice dragon
 13976 | D:11     | Noticed a catoblepas
 14023 | D:11     | Killed a catoblepas
 14046 | D:11     | Killed an ice dragon
 14177 | D:11     | Reached **** piety under Jiyva
 14189 | D:11     | Gained mutation: You are partially covered in iridescent
                  | scales. (AC +2) [Jiyva's grace]
 14259 | D:11     | Noticed a two-headed ogre
 14281 | D:11     | Killed a two-headed ogre
 14335 | D:11     | Found a roughly hewn altar of Beogh.
 14335 | D:11     | Found a staircase to the Orcish Mines.
 14338 | D:11     | Reached ***** piety under Jiyva
 14449 | D:11     | Gained mutation: You have supernaturally acute eyesight.
                  | (SInv) [Jiyva's grace]
 14711 | D:12     | Noticed Jorgrun
 14728 | D:11     | Lost mutation: You are partially covered in iridescent
                  | scales. (AC +2) [potion of mutation]
 14728 | D:11     | Gained mutation: You tend to lose your temper in combat.
                  | [potion of mutation]
 14728 | D:11     | Gained mutation: You evolve. [potion of mutation]
 14728 | D:11     | Gained mutation: Your movements are slightly less
                  | encumbered by armour. (ER -2) [potion of mutation]
 14742 | D:11     | HP: 3/118 [Jorgrun/+0 quarterstaff of crushing (7)]
 14742 | D:11     | Slain by Jorgrun

Skill      XL: |  1  2  3  4  5  6  7  8  9 10 11 12 |
---------------+-------------------------------------+-----
Dodging        | 3 4 5 6 8 |  8.6
Shields        | 3 4 5 6 7 8 9 |  9.9
Unarmed Combat | 3 4 5 6 8 9 10 11 | 11.6
Fighting       | 3 4 5 6 7 |  7.4
Armour         | 1 3 4 5 |  5.4
Throwing       | 1 2 |  2.0
Maces & Flails | 1 |  1.4
Stealth        | |  0.5

Action                   |  1- 3 |  4- 6 |  7- 9 | 10-12 || total
-------------------------+-------+-------+-------+-------++-------
Melee: Unarmed           |   108 |   219 |   280 |   697 ||  1304
       Whip              |       |       |       |    15 ||    15
Throw: Tomahawk          |       |       |     8 |     4 ||    12
       Stone             |       |       |    11 |     7 ||    18
  Use: Scroll            |     4 |     1 |     4 |     4 ||    13
       Potion            |       |     3 |       |     9 ||    12
 Stab: Sleeping          |       |     1 |       |       ||     1
       Petrified         |       |       |       |     2 ||     2
  Eat: Chunk             |    15 |    21 |    25 |    56 ||   117
       Ration            |       |       |       |     5 ||     5
Armor: Robe              |    33 |    74 |    11 |       ||   118
       Swamp dragon scal |       |       |    47 |   137 ||   184
Dodge: Dodged            |    32 |    79 |    81 |   232 ||   424
Block: Shield            |    37 |   115 |   137 |   422 ||   711
